 Dungeon Crawl Stone Soup version 0.26.0-18-gc5c842f807 (webtiles) character file.

Game seed: 13841709078992720900

648 lessens the Insei (level 7, -5/43 HPs)
             Began as an Octopode Transmuter on Jan 23, 2021.
             Was a Follower of Okawaru.
             Slain by an orc
             ... wielding a +0 war axe
              (8 damage)
             ... on level 5 of the Dungeon.
             The game lasted 00:06:49 (6069 turns).

lessens the Insei (Octopode Transmuter)             Turns: 6069, Time: 00:06:50

Health: -5/43      AC:  2    Str: 12    XL:     7   Next: 53%
Magic:  10/10      EV: 19    Int: 15    God:    Okawaru [*.....]
Gold:   336        SH:  0    Dex: 17    Spells: 4/10 levels left

rFire    . . .     SeeInvis .     - Unarmed
rCold    . . .     Faith    .   (shield currently unavailable)
rNeg     . . .     Spirit   .   (helmet currently unavailable)
rPois    x         Reflect  .   (no amulet)
rElec    .         Harm     .   e - ring of stealth
rCorr    .         Rampage  .   (no ring)
Will     .....                  (no ring)
Stlth    +++.......             (no ring)
HPRegen  0.14/turn              (no ring)
MPRegen  0.12/turn              (no ring)
                                (no ring)
                                (no ring)

@: spider-form, hasted, very quick
A: tiny, almost no armour, stealthy swim, (amphibious), 8 rings, (constrict 8)
a: End Transformation, Renounce Religion, Heroism


You were on level 5 of the Dungeon.
You worshipped Okawaru.
Okawaru was aware of your devotion.
You were a venomous arachnid creature.
You visited 2 branches of the dungeon, and saw 6 of its levels.

You collected 336 gold pieces.

Inventory:

Missiles
 a - 10 poisoned darts (quivered)
 d - 199 stones
 n - 3 boomerangs
 o - 15 arrows
Jewellery
 e - a ring of stealth (left front leg)
 p - an uncursed amulet of faith {unknown}
Wands
 q - a wand of iceblast (12)
Scrolls
 i - a scroll of random uselessness {unknown}
 l - 2 scrolls of teleportation
 m - 3 scrolls of identify {unknown}
Potions
 b - a potion of heal wounds {unknown}
 c - a potion of haste
 f - a potion of might {unknown}
 g - a potion of invisibility {unknown}
 h - a potion of ambrosia
 j - a potion of degeneration {unknown}
 k - 3 potions of curing


   Skills:
 - Level 1.0 Fighting
 - Level 2.0 Dodging
 * Level 7.0 Unarmed Combat
 - Level 2.0 Spellcasting
 - Level 4.2 Transmutations
 - Level 3.2 Poison Magic


You had 4 spell levels left.
You knew the following spells:

 Your Spells              Type           Power        Failure   Level
a - Beastly Appendage     Tmut           28%          13%         1
b - Wereblood             Tmut           14%          17%         2
c - Spider Form           Tmut/Pois      6%           32%         3

Your spell library contained the following spells:

 Spells                   Type           Power        Failure   Level
 Freeze                   Ice            4%           43%         1
 Frozen Ramparts          Ice            2%           75%         3
 Ozocubu's Armour         Ice            1%           75%         3
 Ice Form                 Ice/Tmut       7%           85%         4
 Hailstorm                Conj/Ice       1%           98%         4
 Summon Ice Beast         Ice/Summ       1%           98%         4
 Blade Hands              Tmut           7%           88%         5


Dungeon Overview and Level Annotations

Branches:
Dungeon (5/15)             Temple (1/1) D:4

Altars:
Elyvilon
Fedhas
Gozag
Hepliaklqana
Kikubaaqudgha
Makhleb
Nemelex Xobeh
Okawaru
Qazlal
Sif Muna
Trog
Vehumet
Wu Jian


Innate Abilities, Weirdness & Mutations

You cannot wear most types of armour.
You are very stealthy in the water. (Stealth+)
((You are amphibious.))
You can wear up to eight rings at the same time.
((You can use your tentacles to constrict eight enemies at once.))
((Your skin changes colour to match your surroundings (Stealth+).))
((Your rubbery body absorbs attacks. (AC +1, EV +1)))


Message History

The orc priest looks braver for a moment.
The adder completely misses you. The orc misses you.
The orc wizard hits you with a +0 dagger.
* * * LOW HITPOINT WARNING * * *
It was a potion of ambrosia.
You are confused.
You feel invigorated. The adder misses you. The orc hits you with a +0 war axe.
* * * LOW HITPOINT WARNING * * *
The orc barely misses you. The orc priest misses you.
It was a potion of curing.
You feel better.
You feel less invigorated. The orc wizard misses you.
The adder barely misses you.
You hit the orc priest but do no damage.
The orc priest looks even sicker.
The orc priest is severely wounded.
The orc priest calls down the wrath of Beogh upon you.
Beogh smites you!
* * * LOW HITPOINT WARNING * * *
The orc barely misses you. The orc wizard closely misses you.
The orc hits you with a +0 war axe!
You die...

### ..
####.#
##.....##
.......S##
....o.os.#
......ooo#
.[.......#
.........#
.........#
..........
..........
.#........#


You could see an orc priest (very poisoned), an orc wizard, an adder and 3 orcs.

Vanquished Creatures
  2 ogres (D:4)
  A scorpion (D:4)
  A howler monkey (D:4)
  A bullfrog skeleton (D:4)
  Jessica (D:3)
  An iguana (D:4)
  A worker ant (D:4)
  8 gnolls
  10 adders
  An adder skeleton (D:4)
  2 worms
  4 dart slugs
  6 leopard geckos
  5 orcs (D:3)
  2 ball pythons (D:2)
  7 giant cockroaches
  17 goblins
  11 hobgoblins
  2 jackals (D:1)
  A quokka (D:4)
  6 bats
  6 frilled lizards
  9 rats
105 creatures vanquished.

Vanquished Creatures (others)
  A goblin (D:1)
1 creature vanquished.

Grand Total: 106 creatures vanquished

Notes
Turn   | Place    | Note
-------+----------+-------------------------------------------
     0 | D:1      | lessens the Octopode Transmuter began the quest for the
                  | Orb.
     0 | D:1      | Reached XP level 1. HP: 13/13 MP: 3/3
    89 | D:1      | Reached XP level 2. HP: 6/18 MP: 5/5
   939 | D:1      | Reached XP level 3. HP: 23/23 MP: 6/6
  1384 | D:2      | Reached skill level 4 in Unarmed Combat
  1505 | D:2      | Reached XP level 4. HP: 28/28 MP: 7/7
  1558 | D:1      | Learned a level 2 spell: Wereblood
  1562 | D:1      | Learned a level 3 spell: Spider Form
  1969 | D:2      | Reached skill level 1 in Poison Magic
  1973 | D:2      | Reached XP level 5. HP: 18/33 MP: 6/8
  2841 | D:3      | Reached skill level 5 in Unarmed Combat
  2995 | D:3      | Found a blossoming altar of Fedhas.
  2995 | D:3      | Found a sparkling altar of Nemelex Xobeh.
  2998 | D:3      | Found a burning altar of Makhleb.
  3117 | D:3      | You fall into a shaft and drop 1 floor!
  3121 | D:4      | Found a staircase to the Ecumenical Temple.
  3142 | Temple   | Entered the Ecumenical Temple
  3415 | Temple   | Became a worshipper of Warmaster Okawaru
  4402 | D:3      | Noticed Jessica
  4407 | D:3      | Killed Jessica
  4408 | D:3      | Reached XP level 6. HP: 34/38 MP: 7/9
  5532 | D:4      | Reached * piety under Okawaru
  5533 | D:4      | Reached skill level 6 in Unarmed Combat
  5533 | D:4      | Reached XP level 7. HP: 43/43 MP: 8/10
  5862 | D:4      | Reached skill level 7 in Unarmed Combat
  6059 | D:5      | Entered Level 5 of the Dungeon
  6069 | D:5      | Slain by an orc

Illustrated notes

Levels and vault maps discovered:
D:1:      zelgadis_glass_arrival_small, layout_loops_ring, dk_noncrumbling_2,
          minmay_door_square, minmay_pentomino_x4
D:2:      layout_rooms, minmay_tall_x
D:3:      layout_basic, minitemple, minmay_goblin_outpost, uniq_jessica
D:4:      layout_cave_pools, minmay_temple_entry_offerings, serial_column_ruins,
          column_ruins_open_large, column_ruins_open_medium,
          column_ruins_corridor_straight, column_ruins_columns_straight,
          column_ruins_columns_dead_end, column_ruins_columns_straight
D:5:      layout_rooms, nicolae_tso_carved_into_rock, kennysheep_mini_moat,
          kennysheep_little_box, gammafunk_temple_overflow_elements,
          basic_altar, minmay_misc_feat_secret_circle
Temple:   eino_temple_lava

Skill      XL: |  1  2  3  4  5  6  7 |
---------------+----------------------+-----
Unarmed Combat | 4 5 6 7 |  7.0
Transmutations | 3 4 |  4.2
Poison Magic   | 1 2 3 |  3.2
Fighting       | |  1.0
Dodging        | |  2.0
Spellcasting   | |  2.0

Action                   |  1- 3 |  4- 6 |  7- 9 || total
-------------------------+-------+-------+-------++-------
Melee: Unarmed           |    70 |   171 |    30 ||   271
       Constrict         |    23 |    43 |     4 ||    70
       Tentacles         |    10 |    24 |     4 ||    38
       Punch             |     4 |     5 |       ||     9
       Kick              |       |    24 |       ||    24
Throw: Dart              |       |     5 |     2 ||     7
 Cast: Beastly Appendage |       |    22 |       ||    22
       Spider Form       |       |       |     3 ||     3
  Use: Scroll            |       |     5 |       ||     5
       Potion            |       |       |     3 ||     3
 Stab: Sleeping          |     8 |    10 |     1 ||    19
Armor: Skin              |     6 |     5 |     2 ||    13
Dodge: Dodged            |    40 |    92 |    41 ||   173
